 Dungeon Crawl Stone Soup version 0.31-a0-960-g0fca184906 (webtiles) character file.

Game seed: 4283212384130446169

2 Azuregosa the Sneak (level 1, -5/16 HPs)
             Began as an Octopode Delver on Oct 23, 2023.
             Was an Initiate of Hepliaklqana.
             Killed by divine providence
             ... invoked by an orc priest
              (11 damage)
             ... on level 6 of the Dungeon.
             The game lasted 00:01:42 (70 turns).

Azuregosa the Sneak (Octopode Delver)                 Turns: 70, Time: 00:01:43

Health: -5/16      AC:  1    Str: 11    XL:     1   Next: 30%
Magic:  1/1        EV: 13    Int: 12    God:    Hepliaklqana [......]
Gold:   0          SH:  0    Dex: 13    Spells: 0/0 levels left

rFire   . . .        a - +0 mace
rCold   . . .        (no shield)
rNeg    . . .        (helmet restricted)
rPois   .            (no amulet)
rElec   .            (no ring)
rCorr   .            (no ring)
SInv    .            (no ring)
Will    .....        (no ring)
Stlth   ++++         (no ring)
HPRegen 0.22/turn    (no ring)
MPRegen 0.07/turn    (no ring)
                     (no ring)

%: no passive effects
@: no status effects
A: almost no armour, amphibious, 8 rings, camouflage 1, gelatinous body 1,
(nimble swimmer 1), tentacles
a: Renounce Religion


You were on level 6 of the Dungeon.
You worshipped Hepliaklqana.
Hepliaklqana was noncommittal.
You visited 2 branches of the dungeon, and saw 3 of its levels.

Inventory:

Hand Weapons
 a - a +0 mace (weapon)
Wands
 f - a wand of digging (3)
Scrolls
 b - a scroll of fog
Potions
 e - a potion of haste


   Skills:
 - Level 3.0 Fighting
 - Level 2.0 Maces & Flails
 - Level 2.0 Dodging
 + Level 6.7 Stealth


You couldn't memorise any spells.
You didn't know any spells.
Your spell library was empty.

Dungeon Overview and Level Annotations

Branches:
Dungeon (6/15)             Temple (1/1) D:6

Altars:
Ashenzari
Cheibriados
Dithmenos
Elyvilon
Fedhas
Gozag
Hepliaklqana
Makhleb
Nemelex Xobeh
Ru
Sif Muna
Uskayaw
Vehumet
Wu Jian
Xom
Yredelemnul
Zin
The Shining One


Innate Abilities, Weirdness & Mutations

You cannot wear most types of armour.
You are amphibious.
You can wear up to eight rings at the same time.
Your skin changes colour to match your surroundings (Stealth+).
Your rubbery body absorbs attacks. (AC +1, EV +1)
((You are camouflaged when in or above water. (Stealth+)))
You have tentacles for arms and can constrict up to eight enemies at once.


Message History

Found a long sword and a ring mail.
Found a sacrificial altar of Ru.
Found an escape hatch in the ceiling.
There is a stone staircase leading up here.
Found an escape hatch in the floor.
The helpless orc fails to defend itself.
You thump the orc!
You kill the orc!
There is a stone staircase leading up here.
As you read the scroll of revelation, it crumbles to dust.
You feel aware of your surroundings.
An orc priest comes into view. It is wielding a +0 club.
Found 2 gold pieces.
Found a staircase to the Ecumenical Temple.
As you read the scroll of fear, it crumbles to dust.
You assume a fearsome visage.
The orc priest looks frightened!
The orc priest shouts!
There is a staircase to the Ecumenical Temple here.
You climb downwards.
Welcome to the Ecumenical Temple!
Found a staircase back to the Dungeon.
There is a staircase back to the Dungeon here.
You have 0 gold pieces.
Okay, then.
You open the door.
Found a hazy altar of Hepliaklqana.
There is an open door here.
There is a hazy altar of Hepliaklqana here.
You curl up in front of the altar of Hepliaklqana.
Hepliaklqana welcomes you!
There is an open door here.
There is a staircase back to the Dungeon here.
You climb upwards.
The orc priest shouts!
The orc priest calls down the wrath of Beogh upon you.
Beogh smites you!
Ouch! That really hurt!
There is a staircase to the Ecumenical Temple here.
The orc priest calls down the wrath of Beogh upon you.
Beogh smites you!
Ouch! That really hurt!
You die...

,,,,*,**#.#####.#######,* *,*
***,,***...####o#######.* *,*
*,,**,.#....<.^..####.* *,*
*,,,,,....$.......###.*******,*
*,,***#.####..##......,,,,,,,,*
*,,**,....##..##.####.*******,*
*,,*,,.....#..>#.####.* *,,
*,,*,,.....#..##.####.* *,,
**,,,,._......@..)###.*********
**,*,,.....#..##........,,,,,,,
*,,*,,.....#).##.####.##******,
***,,**,....##.....####.* **,
,**,,***#.####.[...####.* *,,
,,*,,,,,........>..####.* ***,,
*,*,,**,#.#.#.....#####.*****,,,,
,,**,**,*.#.......#####.,,,,,,,,,
,*,,,,,,*,*****,*** *******,,,,


You could see an orc priest.

Vanquished Creatures
  An orc (D:6)
1 creature vanquished.

Notes
Turn   | Place    | Note
-------+----------+-------------------------------------------
     0 | D:5      | Azuregosa the Octopode Delver began the quest for the Orb.
     0 | D:5      | Reached XP level 1. HP: 16/16 MP: 1/1
    17 | D:6      | Found a sacrificial altar of Ru.
    23 | D:6      | Noticed an orc priest
    23 | D:6      | Found a staircase to the Ecumenical Temple.
    32 | Temple   | Entered the Ecumenical Temple
    50 | Temple   | Became a worshipper of Hepliaklqana the Forgotten
    70 | D:6      | Killed from afar by an orc priest

Illustrated notes

Levels and vault maps discovered:
D:5:      layout_basic
D:6:      layout_loops_ring, old_standard_altar,
          minmay_temple_entry_proselytizer, gammafunk_ghost_smash
Temple:   bh_familiar_temple

Action                     || total
---------------------------++-------
  Melee: Mace              ||     1
    Use: Scroll            ||     3
   Stab: Sleeping          ||     1

Table legend: (Time is in decaauts)
 A = Elapsed time spent in this place.
 B = Non-inter-level travel time spent in this place.
 C = Inter-level travel time spent in this place.
 D = Time resting spent in this place.
 E = Time spent auto-exploring this place.
 F = Levels seen in this place.
 G = Mean time per level.
                   A        B        C        D        E       F      G
               +--------+--------+--------+--------+--------+-----+--------+
         Total |     70 |     53 |     17 |      0 |      0 |   3 |   23.3 |
       Dungeon |     34 |     34 |      0 |      0 |      0 |   2 |   17.0 |
        Temple |     35 |     18 |     17 |      0 |      0 |   1 |   35.0 |
               +--------+--------+--------+--------+--------+-----+--------+

Top non-repeatable levels by time:
  Temple: 35 daAuts
     D:6: 17 daAuts
     D:5: 17 daAuts
